WCHLSIM.com - West Coast Hockey League
html PUBLIC "-//W3C//DTD XHTML 1.0 Transitional//EN" "http://www.w3.org/TR/xhtml1/DTD/xhtml1-transitional.dtd"> WCHL - Game 337 - OKANAGAN RATTLESNAKES vs NORTH DAKOTA HAWKS

OKANAGAN RATTLESNAKES vs NORTH DAKOTA HAWKS

Created - 30 novembre 2023 at 21:18

Goals
1 2 3 T
OKANAGAN RATTLESNAKES 0 0 2 2
NORTH DAKOTA HAWKS 2 0 2 4
Shots
1 2 3 T
OKANAGAN RATTLESNAKES 6 7 7 20
NORTH DAKOTA HAWKS 27 14 14 55

1st period

1. NORTH DAKOTA HAWKS , Emil Bemstrom 3 (Dillon Dube 8) at 6:10
2. NORTH DAKOTA HAWKS , Frederick Gaudreau 6 (Emil Bemstrom 9, Dillon Dube 9) at 19:56

Penalties :
No Penalty

2nd period

No Goal

Penalties :
Connor Clifton (NDH) for Holding Stick (Minor) at 0:11, Josh Manson (OKA) for Interference (Minor) at 10:42, Lars Eller (OKA) for High sticking (Minor) at 18:24

3rd period

3. OKANAGAN RATTLESNAKES , Casey Cizikas 2 (Mike Hoffman 7, T.J. Oshie 7) at 1:54
4. OKANAGAN RATTLESNAKES , Mike Hoffman 6 (Lars Eller 8, Casey Cizikas 8) at 7:18 (PP)
5. NORTH DAKOTA HAWKS , Jason Robertson 6 (Jack Hughes 14) at 12:51
6. NORTH DAKOTA HAWKS , Frederick Gaudreau 7 (Emil Bemstrom 10, Dillon Dube 10) at 14:52

Penalties :
Arber Xhekaj (OKA) for High sticking (Minor) at 2:43, Mathew Dumba (NDH) for Tripping (Minor) at 5:42, Austin Osmanski (OKA) for Holding (Minor) at 7:40, Jeremy Lauzon (OKA) for Tripping (Minor) at 19:47

Goalie Stats

James Reimer (OKA), 51 saves from 55 shots - (0,927), L, 3-16-2, 60:00 minutes
Scott Wedgewood (NDH), 18 saves from 20 shots - (0,900), W, 2-1-0, 60:00 minutes

Players Stats for OKANAGAN RATTLESNAKES

Player Name              G  A  P  +/- PIM S  H  SB GA TA FO     MP     PP MP  PK MP  
------------------------------------------------------------------------------------
Adam Clendening          0  0  0   0  0   0  0  0  0  0  0/0    22:20   1:32   4:11 
Anders Lee               0  0  0   0  0   7  2  2  0  0  14/31  17:58   2:28   0:00 
Arber Xhekaj             0  0  0   0  2   0  5  3  0  0  0/0    16:36   0:00   0:00 
Austin Osmanski          0  0  0  -2  2   0  4  0  0  0  0/0    14:13   0:00   0:55 
Blake Coleman            0  0  0  -1  0   1  1  0  0  0  8/21    9:35   0:00   0:00 
Casey Cizikas            1  1  2  -1  0   3  1  0  0  0  11/17  14:45   1:07   0:00 
Colton Parayko           0  0  0  -1  0   0  0  1  0  0  0/0    24:54   2:03   4:30 
Jeremy Lauzon            0  0  0  -2  2   0  4  2  0  0  0/0    18:19   1:32   3:29 
Josh Manson              0  0  0  -1  2   0  8  2  0  0  0/0    23:34   2:03   3:11 
Jujhar Khaira            0  0  0  -1  0   0  0  0  0  0  0/0     9:34   0:00   0:00 
Kevin Labanc             0  0  0  -1  0   1  0  1  0  0  0/0     9:34   0:00   0:00 
Lars Eller               0  1  1   0  2   1  0  1  0  0  0/1    16:36   1:07   0:00 
Mike Hoffman             1  1  2  -1  0   1  0  0  0  0  2/8    17:34   1:07   2:49 
Nazem Kadri              0  0  0   0  0   3  0  1  0  0  2/2    20:47   2:28   2:49 
Oskar Sundqvist          0  0  0  -1  0   1  0  1  0  0  2/8    14:54   0:00   5:19 
Pierre-Edouard Bellemare 0  0  0  -1  0   0  1  0  0  0  1/1     9:35   0:00   0:00 
Stefan Noesen            0  0  0  -1  0   0  0  0  0  0  5/14    9:34   0:00   0:00 
T.J. Oshie               0  1  1  -1  0   2  1  0  0  0  2/4    21:25   2:28   5:19 

Players Stats for NORTH DAKOTA HAWKS

Player Name              G  A  P  +/- PIM S  H  SB GA TA FO     MP     PP MP  PK MP  
------------------------------------------------------------------------------------
Alex Belzile             0  0  0   0  0   3  0  0  0  0  6/8     7:32   0:00   0:32 
Ben Hutton               0  0  0   3  0   1  0  0  0  0  0/0    21:32   4:13   1:26 
Connor Clifton           0  0  0   0  2   1  1  0  0  0  0/0    15:29   0:00   0:57 
Dillon Dube              0  3  3   2  0   2  1  0  0  0  0/0    14:32   3:55   0:19 
Emil Bemstrom            1  2  3   2  0   2  1  0  0  0  0/1    14:31   4:13   0:00 
Erik Johnson             0  0  0   3  0   0  0  0  0  0  0/0    17:19   0:00   1:26 
Frederick Gaudreau       2  0  2   2  0   4  0  0  0  0  11/21  12:35   0:00   2:17 
Garnet Hathaway          0  0  0   0  0   3  1  0  0  0  3/3     9:16   0:00   2:16 
Jack Hughes              0  1  1   1  0   5  0  0  0  0  16/37  19:35   3:31   0:00 
Jake DeBrusk             0  0  0   0  0   3  1  0  0  0  1/1    20:19   4:37   0:47 
Jason Robertson          1  0  1   1  0   8  0  0  0  0  0/0    19:35   3:31   0:00 
Joel Hanley              0  0  0   0  0   0  0  1  0  0  0/0    14:33   0:00   0:00 
Jordan Kyrou             0  0  0   1  0   1  3  0  0  0  1/2    19:47   3:31   0:12 
Mathew Dumba             0  0  0   0  2   1  2  1  0  0  0/0    19:02   0:00   1:12 
Nathan Walker            0  0  0   0  0   1  0  0  0  0  0/0     7:00   0:00   0:00 
Nick Suzuki              0  0  0   0  0   8  0  0  0  0  22/34  20:19   4:37   0:47 
Reyley Smith             0  0  0   0  0   10 1  0  0  0  0/0    19:32   4:37   0:00 
Ryan Lindgren            0  0  0   0  0   2  0  1  0  0  0/0    23:55   3:55   2:09 

3 Stars

1 - Emil Bemstrom (NDH)
2 - Frederick Gaudreau (NDH)
3 - Dillon Dube (NDH)

Power Play

OKANAGAN RATTLESNAKES - 1 on 2 Attempt(s) - 50,00%
NORTH DAKOTA HAWKS - 0 on 5 Attempt(s) - 0,00%

Penalty Kill

OKANAGAN RATTLESNAKES - 5 on 5 Attempt(s) - 100,00% - Score 0 goal in Penalty Kill
NORTH DAKOTA HAWKS - 1 on 2 Attempt(s) - 50,00% - Score 0 goal in Penalty Kill

Team Stat

OKANAGAN RATTLESNAKES - Hits : 27 - Faceoff Wins : 47 - Blocked Shots : 14 - Penalty Minutes : 10
NORTH DAKOTA HAWKS - Hits : 11 - Faceoff Wins : 60 - Blocked Shots : 3 - Penalty Minutes : 4

Official

Referees : Gord Dwyer and TJ Luxmore
Linesman : Derek Amell and Glen Cooke

Game Notes

No Game Note

Finance

Level 1 -- Attendance: 6000 (100,00%) -- Ticket Income 960 000 $
Level 2 -- Attendance: 5000 (100,00%) -- Ticket Income 550 000 $
Level 3 -- Attendance: 2000 (100,00%) -- Ticket Income 180 000 $
Level 4 -- Attendance: 4000 (100,00%) -- Ticket Income 240 000 $
Luxury Box -- Attendance: 989 (98,90%) -- Ticket Income 291 755 $
Total Attendance: 17989 (99,94%)
Total Ticket Income: 2 221 755 $
Other Expense: 22 218 $
Total Income: 2 199 537 $

OKANAGAN RATTLESNAKES

5 vs 5 Forward 
   Center                   Left Wing                Right Wing               Time % Phy DF OF 
 1 Anders Lee               Nazem Kadri              Lars Eller               36     1   2  2  
 2 Casey Cizikas            Mike Hoffman             T.J. Oshie               31     1   2  2  
 3 Blake Coleman            Oskar Sundqvist          Pierre-Edouard Bellemare 23     1   2  2  
 4 Stefan Noesen            Kevin Labanc             Jujhar Khaira            10     1   2  2  

5 vs 5 Defense 
   Defense                  Defense                                           Time % Phy DF OF 
 1 Colton Parayko           Josh Manson                                       36     1   2  2  
 2 Adam Clendening          Arber Xhekaj                                      31     1   2  2  
 3 Jeremy Lauzon            Austin Osmanski                                   23     1   2  2  
 4 Colton Parayko           Josh Manson                                       10     1   2  2  

PowerPlay Forward 
   Center                   Left Wing                Right Wing               Time % Phy DF OF 
 1 Anders Lee               Nazem Kadri              T.J. Oshie               55     1   2  2  
 2 Lars Eller               Mike Hoffman             Casey Cizikas            45     1   2  2  

PowerPlay Defense
   Defense                  Defense                                           Time % Phy DF OF 
 1 Adam Clendening          Jeremy Lauzon                                     55     1   2  2  
 2 Colton Parayko           Josh Manson                                       45     1   2  2  

Penalty Kill 4 Players Forward 
   Center                   Wing                     Time % Phy DF OF 
 1 Oskar Sundqvist          T.J. Oshie               55     1   2  2  
 2 Mike Hoffman             Nazem Kadri              45     1   2  2  

Penalty Kill 4 Players Defense
   Defense                  Defense                  Time % Phy DF OF 
 1 Colton Parayko           Josh Manson              55     1   2  2  
 2 Jeremy Lauzon            Adam Clendening          45     1   2  2  

Penalty Kill - 3 Players Forward 
   Forward                                           Time % Phy DF OF 
 1 Nazem Kadri                                       55     1   2  2  
 2 Mike Hoffman                                      45     1   2  2  

Penalty Kill - 3 Players Defense
   Defense                  Defense                  Time % Phy DF OF 
 1 Adam Clendening          Austin Osmanski          55     1   2  2  
 2 Josh Manson              Colton Parayko           45     1   2  2  

4 vs 4 Forward 
   Center                   Wing                     Time % Phy DF OF 
 1 Mike Hoffman             Nazem Kadri              55     1   2  2  
 2 T.J. Oshie               Blake Coleman            45     1   2  2  

4 vs 4 Defense
   Defense                  Defense                  Time % Phy DF OF 
 1 Josh Manson              Adam Clendening          55     1   2  2  
 2 Colton Parayko           Jeremy Lauzon            45     1   2  2  

Last Minutes Offensive
   Center                   Left Wing                Right Wing               Defense                  Defense                  
   Anders Lee               Nazem Kadri              T.J. Oshie               Colton Parayko           Josh Manson              

Last Minutes Defensive
   Center                   Left Wing                Right Wing               Defense                  Defense                  
   Anders Lee               Nazem Kadri              T.J. Oshie               Colton Parayko           Josh Manson              

Goaltenders
Starting : James Reimer             
Backup : Jack Campbell            

Extra Forwards
Normal : T.J. Oshie, Oskar Sundqvist, Kevin Labanc - PP : Nazem Kadri, Pierre-Edouard Bellemare - PK : T.J. Oshie
Extra Defensemen
Normal : Colton Parayko, Austin Osmanski, Adam Clendening - PP : Adam Clendening - PK : Colton Parayko, Adam Clendening
Penalty Shots
T.J. Oshie, Oskar Sundqvist, Kevin Labanc, Pierre-Edouard Bellemare, Jujhar Khaira
Custom OT Lines Forwards
Oskar Sundqvist, T.J. Oshie, Kevin Labanc, Pierre-Edouard Bellemare, Jujhar Khaira, Mike Hoffman, Stefan Noesen, Lars Eller, Nazem Kadri, Casey Cizikas
Custom OT Lines Defensemen
Austin Osmanski, Adam Clendening, Colton Parayko, Arber Xhekaj, Josh Manson

Scratches
Colin White (Healthy), Esa Lindell (Sprained Right Ankle Injury)

NORTH DAKOTA HAWKS

5 vs 5 Forward 
   Center                   Left Wing                Right Wing               Time % Phy DF OF 
 1 Jack Hughes              Jason Robertson          Jordan Kyrou             32     0   2  3  
 2 Nick Suzuki              Jake DeBrusk             Reyley Smith             30     0   2  3  
 3 Frederick Gaudreau       Dillon Dube              Emil Bemstrom            23     0   4  1  
 4 Alex Belzile             Nathan Walker            Garnet Hathaway          15     1   4  0  

5 vs 5 Defense 
   Defense                  Defense                                           Time % Phy DF OF 
 1 Ryan Lindgren            Mathew Dumba                                      37     0   5  0  
 2 Ben Hutton               Erik Johnson                                      35     0   5  0  
 3 Joel Hanley              Connor Clifton                                    15     0   5  0  
 4 Joel Hanley              Connor Clifton                                    13     0   5  0  

PowerPlay Forward 
   Center                   Left Wing                Right Wing               Time % Phy DF OF 
 1 Nick Suzuki              Jake DeBrusk             Reyley Smith             65     1   0  4  
 2 Jack Hughes              Jason Robertson          Jordan Kyrou             35     1   0  4  

PowerPlay Defense
   Defense                  Defense                                           Time % Phy DF OF 
 1 Ryan Lindgren            Dillon Dube                                       65     1   0  4  
 2 Ben Hutton               Emil Bemstrom                                     35     1   0  4  

Penalty Kill 4 Players Forward 
   Center                   Wing                     Time % Phy DF OF 
 1 Frederick Gaudreau       Garnet Hathaway          65     0   4  1  
 2 Nick Suzuki              Jake DeBrusk             35     0   4  1  

Penalty Kill 4 Players Defense
   Defense                  Defense                  Time % Phy DF OF 
 1 Ryan Lindgren            Mathew Dumba             65     0   5  0  
 2 Ben Hutton               Erik Johnson             35     0   5  0  

Penalty Kill - 3 Players Forward 
   Forward                                           Time % Phy DF OF 
 1 Frederick Gaudreau                                60     0   5  0  
 2 Nick Suzuki                                       40     0   5  0  

Penalty Kill - 3 Players Defense
   Defense                  Defense                  Time % Phy DF OF 
 1 Ryan Lindgren            Mathew Dumba             60     0   5  0  
 2 Ben Hutton               Erik Johnson             40     0   5  0  

4 vs 4 Forward 
   Center                   Wing                     Time % Phy DF OF 
 1 Jack Hughes              Jason Robertson          55     0   1  4  
 2 Nick Suzuki              Jake DeBrusk             45     0   1  4  

4 vs 4 Defense
   Defense                  Defense                  Time % Phy DF OF 
 1 Ryan Lindgren            Mathew Dumba             55     0   1  4  
 2 Ben Hutton               Erik Johnson             45     0   4  1  

Last Minutes Offensive
   Center                   Left Wing                Right Wing               Defense                  Defense                  
   Nick Suzuki              Jason Robertson          Jordan Kyrou             Jack Hughes              Ryan Lindgren            

Last Minutes Defensive
   Center                   Left Wing                Right Wing               Defense                  Defense                  
   Nick Suzuki              Jake DeBrusk             Reyley Smith             Ryan Lindgren            Mathew Dumba             

Goaltenders
Starting : Scott Wedgewood          
Backup : Linus Ullmark            

Extra Forwards
Normal : Alex Belzile, Emil Bemstrom, Nathan Walker - PP : Frederick Gaudreau, Alex Belzile - PK : Alex Belzile
Extra Defensemen
Normal : Connor Clifton, Erik Johnson, Ben Hutton - PP : Connor Clifton - PK : Connor Clifton, Joel Hanley
Penalty Shots
Jordan Kyrou, Jason Robertson, Jack Hughes, Nick Suzuki, Jake DeBrusk
Custom OT Lines Forwards
Jack Hughes, Jason Robertson, Jordan Kyrou, Nick Suzuki, Jake DeBrusk, Reyley Smith, Frederick Gaudreau, Dillon Dube, Emil Bemstrom, Garnet Hathaway
Custom OT Lines Defensemen
Ryan Lindgren, Erik Johnson, Mathew Dumba, Connor Clifton, Ben Hutton

Scratches
Cale Makar (Torn Left Knee Ligaments Injury), Connor Dewar (Healthy), Nick Blankenburg (Upper Body Injury)

% Time on Ice - OKANAGAN RATTLESNAKES

Lines # - Real PCT - Wanted PCT - Time Play
Normal Forward
1 - 32% - 36% - 15:30
2 - 28% - 31% - 13:38
3 - 20% - 23% - 9:35
4 - 20% - 10% - 9:34
Normal Defense
1 - 34% - 36% - 16:32
2 - 34% - 31% - 16:37
3 - 28% - 23% - 13:19
4 - 4% - 10% - 1:49
PP Forward
1 - 69% - 55% - 2:28
2 - 31% - 45% - 1:07
PP Defense
1 - 43% - 55% - 1:32
2 - 57% - 45% - 2:03
PK Forward
1 - 65% - 55% - 5:19
2 - 35% - 45% - 2:49
PK Defense
1 - 58% - 55% - 4:43
2 - 42% - 45% - 3:25
PK3 Forward
1 - 0% - 55%
2 - 0% - 45%
PK3 Defense
1 - 0% - 55%
2 - 0% - 45%
44 Forward
1 - 0% - 55%
2 - 0% - 45%
44 Defense
1 - 0% - 55%
2 - 0% - 45%
Last Minute Offensive  - 0:00
Last Minute Defensive  - 0:00
Total
Forward - 60:00
Defense - 60:00

% Time on Ice - NORTH DAKOTA HAWKS

Lines # - Real PCT - Wanted PCT - Time Play
Normal Forward
1 - 33% - 32% - 16:04
2 - 31% - 30% - 14:55
3 - 21% - 23% - 10:18
4 - 14% - 15% - 7:00
Normal Defense
1 - 37% - 37% - 17:51
2 - 33% - 35% - 15:53
3 - 17% - 15% - 8:02
4 - 13% - 13% - 6:31
PP Forward
1 - 57% - 65% - 4:37
2 - 43% - 35% - 3:31
PP Defense
1 - 48% - 65% - 3:55
2 - 52% - 35% - 4:13
PK Forward
1 - 78% - 65% - 2:48
2 - 22% - 35% - 0:47
PK Defense
1 - 60% - 65% - 2:09
2 - 40% - 35% - 1:26
PK3 Forward
1 - 0% - 60%
2 - 0% - 40%
PK3 Defense
1 - 0% - 60%
2 - 0% - 40%
44 Forward
1 - 0% - 55%
2 - 0% - 45%
44 Defense
1 - 0% - 55%
2 - 0% - 45%
Last Minute Offensive  - 0:00
Last Minute Defensive  - 0:00
Total
Forward - 60:00
Defense - 60:00

Play-by-Play

1st period


0:01 of 1st period - Anders Lee wins face-off versus Jack Hughes in neutral zone.
0:09 of 1st period - Icing by Jason Robertson.
0:10 of 1st period - Casey Cizikas wins face-off versus Jack Hughes in NORTH DAKOTA HAWKS zone.
0:42 of 1st period - Casey Cizikas is hit by Jordan Kyrou.
0:52 of 1st period - Shot by T.J. Oshie.
0:52 of 1st period - Shot Blocked by Mathew Dumba.
1:31 of 1st period - Off-side.
1:32 of 1st period - Frederick Gaudreau wins face-off versus Blake Coleman in neutral zone.
1:37 of 1st period - Icing by Blake Coleman.
1:38 of 1st period - Blake Coleman wins face-off versus Frederick Gaudreau in OKANAGAN RATTLESNAKES zone.
1:56 of 1st period - Off-side.
1:57 of 1st period - Alex Belzile wins face-off versus Anders Lee in neutral zone.
2:06 of 1st period - Shot by Garnet Hathaway.
2:06 of 1st period - Deflect By Alex Belzile.
2:06 of 1st period - Stopped by James Reimer without a rebound.
2:07 of 1st period - Anders Lee wins face-off versus Nick Suzuki in OKANAGAN RATTLESNAKES zone.
2:34 of 1st period - Shot by Jake DeBrusk.
2:34 of 1st period - Shot Misses the Net.
2:36 of 1st period - Shot by Nick Suzuki.
2:36 of 1st period - Stopped by James Reimer with a rebound.
2:38 of 1st period - Shot by Reyley Smith.
2:38 of 1st period - Stopped by James Reimer without a rebound.
2:39 of 1st period - Alex Belzile wins face-off versus Stefan Noesen in OKANAGAN RATTLESNAKES zone.
2:53 of 1st period - Garnet Hathaway is hit by Jeremy Lauzon and loses puck.
3:51 of 1st period - Icing by Colton Parayko.
3:52 of 1st period - Blake Coleman wins face-off versus Frederick Gaudreau in OKANAGAN RATTLESNAKES zone.
4:30 of 1st period - Icing by Josh Manson.
4:31 of 1st period - Pierre-Edouard Bellemare wins face-off versus Nick Suzuki in OKANAGAN RATTLESNAKES zone.
5:49 of 1st period - Shot by Jack Hughes.
5:49 of 1st period - Shot Misses the Net.
5:51 of 1st period - Shot by Jason Robertson.
5:51 of 1st period - Shot Misses the Net.
5:53 of 1st period - Shot by Jordan Kyrou.
5:53 of 1st period - Stopped by James Reimer without a rebound.
5:54 of 1st period - T.J. Oshie wins face-off versus Frederick Gaudreau in OKANAGAN RATTLESNAKES zone.
5:56 of 1st period - Icing by Mike Hoffman.
5:57 of 1st period - Frederick Gaudreau wins face-off versus Mike Hoffman in OKANAGAN RATTLESNAKES zone.
6:10 of 1st period - Shot by Emil Bemstrom.
6:10 of 1st period - Goal by Emil Bemstrom - OKANAGAN RATTLESNAKES : 0 - NORTH DAKOTA HAWKS : 1.
6:11 of 1st period - Jack Hughes wins face-off versus Stefan Noesen in neutral zone.
6:14 of 1st period - Shot by Jason Robertson.
6:14 of 1st period - Stopped by James Reimer without a rebound.
6:15 of 1st period - Casey Cizikas wins face-off versus Jack Hughes in OKANAGAN RATTLESNAKES zone.
6:55 of 1st period - Icing by Mike Hoffman.
6:56 of 1st period - Casey Cizikas wins face-off versus Nick Suzuki in OKANAGAN RATTLESNAKES zone.
7:03 of 1st period - Shot by Mike Hoffman.
7:03 of 1st period - Shot Misses the Net.
7:06 of 1st period - Icing by Jake DeBrusk.
7:07 of 1st period - Nick Suzuki wins face-off versus Anders Lee in NORTH DAKOTA HAWKS zone.
7:20 of 1st period - Shot by Reyley Smith.
7:20 of 1st period - Stopped by James Reimer with a rebound.
7:23 of 1st period - Icing by Colton Parayko.
7:24 of 1st period - Frederick Gaudreau wins face-off versus Anders Lee in OKANAGAN RATTLESNAKES zone.
7:29 of 1st period - Shot by Dillon Dube.
7:29 of 1st period - Stopped by James Reimer without a rebound.
7:30 of 1st period - Stefan Noesen wins face-off versus Frederick Gaudreau in OKANAGAN RATTLESNAKES zone.
7:30 of 1st period - Stefan Noesen is hit by Emil Bemstrom.
7:38 of 1st period - Shot by Dillon Dube.
7:38 of 1st period - Stopped by James Reimer without a rebound.
7:39 of 1st period - Nick Suzuki wins face-off versus Anders Lee in OKANAGAN RATTLESNAKES zone.
7:56 of 1st period - Shot by Anders Lee.
7:56 of 1st period - Stopped by Scott Wedgewood with a rebound.
7:58 of 1st period - Shot by Anders Lee.
7:58 of 1st period - Stopped by Scott Wedgewood with a rebound.
8:00 of 1st period - Shot by Anders Lee.
8:00 of 1st period - Stopped by Scott Wedgewood without a rebound.
8:01 of 1st period - Casey Cizikas wins face-off versus Frederick Gaudreau in NORTH DAKOTA HAWKS zone.
8:24 of 1st period - Shot by Frederick Gaudreau.
8:24 of 1st period - Stopped by James Reimer without a rebound.
8:25 of 1st period - Jack Hughes wins face-off versus Anders Lee in OKANAGAN RATTLESNAKES zone.
8:36 of 1st period - Shot by Jack Hughes.
8:36 of 1st period - Stopped by James Reimer without a rebound.
8:37 of 1st period - Nick Suzuki wins face-off versus Blake Coleman in OKANAGAN RATTLESNAKES zone.
8:48 of 1st period - Shot by Reyley Smith.
8:48 of 1st period - Shot Misses the Net.
9:06 of 1st period - Shot by Jake DeBrusk.
9:06 of 1st period - Stopped by James Reimer without a rebound.
9:07 of 1st period - Anders Lee wins face-off versus Jack Hughes in OKANAGAN RATTLESNAKES zone.
10:17 of 1st period - Shot by Dillon Dube.
10:17 of 1st period - Shot Blocked by Jeremy Lauzon.
10:27 of 1st period - Shot by Frederick Gaudreau.
10:27 of 1st period - Shot Misses the Net.
10:39 of 1st period - Shot by Frederick Gaudreau.
10:39 of 1st period - Deflect By Dillon Dube.
10:39 of 1st period - Shot Misses the Net.
10:42 of 1st period - Frederick Gaudreau is hit by Jeremy Lauzon and loses puck.
10:53 of 1st period - Shot by Nathan Walker.
10:53 of 1st period - Stopped by James Reimer without a rebound.
10:54 of 1st period - Stefan Noesen wins face-off versus Alex Belzile in OKANAGAN RATTLESNAKES zone.
11:30 of 1st period - Shot by Colton Parayko.
11:30 of 1st period - Shot Misses the Net.
11:53 of 1st period - Nick Suzuki is hit by Arber Xhekaj and loses puck.
11:56 of 1st period - Shot by Nick Suzuki.
11:56 of 1st period - Shot Misses the Net.
11:58 of 1st period - Shot by Reyley Smith.
11:58 of 1st period - Stopped by James Reimer without a rebound.
11:59 of 1st period - Blake Coleman wins face-off versus Jack Hughes in OKANAGAN RATTLESNAKES zone.
12:06 of 1st period - Shot by Oskar Sundqvist.
12:06 of 1st period - Stopped by Scott Wedgewood without a rebound.
12:07 of 1st period - Nick Suzuki wins face-off versus Anders Lee in NORTH DAKOTA HAWKS zone.
12:07 of 1st period - Jake DeBrusk is hit by Anders Lee and loses puck.
12:25 of 1st period - Shot by Nick Suzuki.
12:25 of 1st period - Shot Hit the Post.
12:27 of 1st period - Shot by Ryan Lindgren.
12:27 of 1st period - Stopped by James Reimer without a rebound.
12:28 of 1st period - Blake Coleman wins face-off versus Jack Hughes in OKANAGAN RATTLESNAKES zone.
13:53 of 1st period - Shot by Reyley Smith.
13:53 of 1st period - Stopped by James Reimer with a rebound.
13:55 of 1st period - Shot by Nick Suzuki.
13:55 of 1st period - Stopped by James Reimer without a rebound.
13:56 of 1st period - Casey Cizikas wins face-off versus Frederick Gaudreau in OKANAGAN RATTLESNAKES zone.
15:00 of 1st period - Shot by Nick Suzuki.
15:00 of 1st period - Stopped by James Reimer with a rebound.
15:02 of 1st period - Shot by Nick Suzuki.
15:02 of 1st period - Stopped by James Reimer without a rebound.
15:03 of 1st period - Alex Belzile wins face-off versus Anders Lee in OKANAGAN RATTLESNAKES zone.
15:17 of 1st period - Shot by Garnet Hathaway.
15:17 of 1st period - Shot Blocked by Anders Lee.
15:19 of 1st period - Shot by Garnet Hathaway.
15:19 of 1st period - Stopped by James Reimer without a rebound.
15:20 of 1st period - Nick Suzuki wins face-off versus Blake Coleman in OKANAGAN RATTLESNAKES zone.
15:25 of 1st period - Shot by Nick Suzuki.
15:25 of 1st period - Stopped by James Reimer without a rebound.
15:26 of 1st period - Nick Suzuki wins face-off versus Anders Lee in OKANAGAN RATTLESNAKES zone.
15:50 of 1st period - Anders Lee is hit by Mathew Dumba.
16:07 of 1st period - Nazem Kadri is hit by Mathew Dumba and loses puck.
16:26 of 1st period - Shot by Casey Cizikas.
16:26 of 1st period - Stopped by Scott Wedgewood without a rebound.
16:27 of 1st period - Jack Hughes wins face-off versus Blake Coleman in NORTH DAKOTA HAWKS zone.
16:53 of 1st period - Shot by Jack Hughes.
16:53 of 1st period - Shot Misses the Net.
17:05 of 1st period - Shot by Jordan Kyrou.
17:05 of 1st period - Deflect By Jack Hughes.
17:05 of 1st period - Stopped by James Reimer without a rebound.
17:06 of 1st period - Frederick Gaudreau wins face-off versus Casey Cizikas in OKANAGAN RATTLESNAKES zone.
17:26 of 1st period - Shot by Dillon Dube.
17:26 of 1st period - Shot Blocked by Josh Manson.
17:28 of 1st period - Shot by Frederick Gaudreau.
17:28 of 1st period - Shot Misses the Net.
17:56 of 1st period - Shot by Nathan Walker.
17:56 of 1st period - Shot Blocked by Josh Manson.
17:58 of 1st period - Shot by Mathew Dumba.
17:58 of 1st period - Shot Misses the Net.
18:02 of 1st period - Shot by Garnet Hathaway.
18:02 of 1st period - Shot Misses the Net.
18:04 of 1st period - Shot by Garnet Hathaway.
18:04 of 1st period - Shot Blocked by Colton Parayko.
18:16 of 1st period - Shot by Nathan Walker.
18:16 of 1st period - Shot Misses the Net.
18:18 of 1st period - Shot by Mathew Dumba.
18:18 of 1st period - Stopped by James Reimer without a rebound.
18:19 of 1st period - Jack Hughes wins face-off versus Anders Lee in OKANAGAN RATTLESNAKES zone.
18:20 of 1st period - Shot by Jason Robertson.
18:20 of 1st period - Shot Blocked by Arber Xhekaj.
18:28 of 1st period - Shot by Jack Hughes.
18:28 of 1st period - Stopped by James Reimer without a rebound.
18:29 of 1st period - Blake Coleman wins face-off versus Jack Hughes in OKANAGAN RATTLESNAKES zone.
18:29 of 1st period - Blake Coleman is hit by Jordan Kyrou.
18:45 of 1st period - Shot by Jason Robertson.
18:45 of 1st period - Stopped by James Reimer without a rebound.
18:46 of 1st period - Anders Lee wins face-off versus Nick Suzuki in OKANAGAN RATTLESNAKES zone.
18:46 of 1st period - Nazem Kadri is hit by Reyley Smith and loses puck.
19:10 of 1st period - Shot by Reyley Smith.
19:10 of 1st period - Shot Misses the Net.
19:12 of 1st period - Shot by Reyley Smith.
19:12 of 1st period - Stopped by James Reimer without a rebound.
19:13 of 1st period - Stefan Noesen wins face-off versus Jack Hughes in OKANAGAN RATTLESNAKES zone.
19:18 of 1st period - Shot by Kevin Labanc.
19:18 of 1st period - Stopped by Scott Wedgewood without a rebound.
19:19 of 1st period - Frederick Gaudreau wins face-off versus Stefan Noesen in NORTH DAKOTA HAWKS zone.
19:38 of 1st period - Shot by Kevin Labanc.
19:38 of 1st period - Shot Misses the Net.
19:56 of 1st period - Shot by Frederick Gaudreau.
19:56 of 1st period - Goal by Frederick Gaudreau - OKANAGAN RATTLESNAKES : 0 - NORTH DAKOTA HAWKS : 2.
19:57 of 1st period - Jack Hughes wins face-off versus Lars Eller in neutral zone.
Goals for this period are 0 for OKANAGAN RATTLESNAKES vs 2 for NORTH DAKOTA HAWKS.
Shots for this period are 6 for OKANAGAN RATTLESNAKES vs 27 for NORTH DAKOTA HAWKS.

2nd period


0:01 of 2nd period - Anders Lee wins face-off versus Jack Hughes in neutral zone.
0:01 of 2nd period - Anders Lee is hit by Jordan Kyrou.
0:05 of 2nd period - Jack Hughes is hit by Anders Lee and loses puck.
0:11 of 2nd period - Minor Penalty to Connor Clifton for Holding Stick.
0:12 of 2nd period - Frederick Gaudreau wins face-off versus Anders Lee in NORTH DAKOTA HAWKS zone.
0:18 of 2nd period - Icing by T.J. Oshie.
0:19 of 2nd period - Garnet Hathaway wins face-off versus Anders Lee in OKANAGAN RATTLESNAKES zone.
0:59 of 2nd period - Shot by Nazem Kadri.
0:59 of 2nd period - Shot Misses the Net.
1:01 of 2nd period - Shot by Nazem Kadri.
1:01 of 2nd period - Shot Misses the Net.
1:39 of 2nd period - Shot by Josh Manson.
1:39 of 2nd period - Shot Misses the Net.
2:04 of 2nd period - Shot by Anders Lee.
2:04 of 2nd period - Deflect By Nazem Kadri.
2:04 of 2nd period - Stopped by Scott Wedgewood without a rebound.
2:05 of 2nd period - Frederick Gaudreau wins face-off versus Anders Lee in NORTH DAKOTA HAWKS zone.
2:34 of 2nd period - Shot by Oskar Sundqvist.
2:34 of 2nd period - Shot Misses the Net.
2:43 of 2nd period - Off-side.
2:44 of 2nd period - Nick Suzuki wins face-off versus Stefan Noesen in neutral zone.
3:40 of 2nd period - Jordan Kyrou is hit by Josh Manson and loses puck.
4:01 of 2nd period - Jason Robertson is hit by Josh Manson and loses puck.
4:32 of 2nd period - Icing by Jeremy Lauzon.
4:33 of 2nd period - Alex Belzile wins face-off versus Anders Lee in OKANAGAN RATTLESNAKES zone.
4:40 of 2nd period - Shot by Garnet Hathaway.
4:40 of 2nd period - Stopped by James Reimer without a rebound.
4:41 of 2nd period - Nick Suzuki wins face-off versus Mike Hoffman in OKANAGAN RATTLESNAKES zone.
4:59 of 2nd period - Shot by Nick Suzuki.
4:59 of 2nd period - Stopped by James Reimer without a rebound.
5:00 of 2nd period - Anders Lee wins face-off versus Emil Bemstrom in OKANAGAN RATTLESNAKES zone.
5:04 of 2nd period - Off-side.
5:05 of 2nd period - Anders Lee wins face-off versus Frederick Gaudreau in neutral zone.
5:21 of 2nd period - Shot by Dillon Dube.
5:21 of 2nd period - Shot Blocked by Arber Xhekaj.
5:28 of 2nd period - Frederick Gaudreau is hit by Arber Xhekaj and loses puck.
5:39 of 2nd period - Shot by Frederick Gaudreau.
5:39 of 2nd period - Shot Blocked by Lars Eller.
5:47 of 2nd period - Shot by Dillon Dube.
5:47 of 2nd period - Shot Misses the Net.
6:20 of 2nd period - Icing by Mike Hoffman.
6:21 of 2nd period - Alex Belzile wins face-off versus Casey Cizikas in OKANAGAN RATTLESNAKES zone.
6:32 of 2nd period - Garnet Hathaway is hit by Austin Osmanski and loses puck.
6:35 of 2nd period - Shot by Garnet Hathaway.
6:35 of 2nd period - Stopped by James Reimer without a rebound.
6:36 of 2nd period - Jack Hughes wins face-off versus Blake Coleman in OKANAGAN RATTLESNAKES zone.
6:43 of 2nd period - Shot by Jordan Kyrou.
6:43 of 2nd period - Shot Misses the Net.
6:51 of 2nd period - Icing by Erik Johnson.
6:52 of 2nd period - Casey Cizikas wins face-off versus Jack Hughes in NORTH DAKOTA HAWKS zone.
6:53 of 2nd period - Shot by T.J. Oshie.
6:53 of 2nd period - Stopped by Scott Wedgewood without a rebound.
6:54 of 2nd period - Casey Cizikas wins face-off versus Nick Suzuki in NORTH DAKOTA HAWKS zone.
7:31 of 2nd period - Shot by Mike Hoffman.
7:31 of 2nd period - Shot Blocked by Ryan Lindgren.
7:59 of 2nd period - Garnet Hathaway is hit by Josh Manson and loses puck.
8:02 of 2nd period - Shot by Alex Belzile.
8:02 of 2nd period - Stopped by James Reimer without a rebound.
8:03 of 2nd period - Anders Lee wins face-off versus Jack Hughes in OKANAGAN RATTLESNAKES zone.
8:05 of 2nd period - Icing by Nazem Kadri.
8:06 of 2nd period - Jack Hughes wins face-off versus Anders Lee in OKANAGAN RATTLESNAKES zone.
8:07 of 2nd period - Shot by Jordan Kyrou.
8:07 of 2nd period - Shot Misses the Net.
8:25 of 2nd period - Shot by Nazem Kadri.
8:25 of 2nd period - Stopped by Scott Wedgewood without a rebound.
8:26 of 2nd period - Blake Coleman wins face-off versus Frederick Gaudreau in NORTH DAKOTA HAWKS zone.
8:42 of 2nd period - Shot by Blake Coleman.
8:42 of 2nd period - Stopped by Scott Wedgewood with a rebound.
8:56 of 2nd period - Shot by Frederick Gaudreau.
8:56 of 2nd period - Shot Misses the Net.
8:59 of 2nd period - Icing by Blake Coleman.
9:00 of 2nd period - Blake Coleman wins face-off versus Jack Hughes in OKANAGAN RATTLESNAKES zone.
9:22 of 2nd period - Icing by Jeremy Lauzon.
9:23 of 2nd period - Garnet Hathaway wins face-off versus Blake Coleman in OKANAGAN RATTLESNAKES zone.
9:39 of 2nd period - Alex Belzile is hit by Josh Manson and loses puck.
9:51 of 2nd period - Garnet Hathaway is hit by Josh Manson and loses puck.
10:05 of 2nd period - Icing by Nathan Walker.
10:06 of 2nd period - Casey Cizikas wins face-off versus Alex Belzile in NORTH DAKOTA HAWKS zone.
10:15 of 2nd period - Shot by Casey Cizikas.
10:15 of 2nd period - Stopped by Scott Wedgewood without a rebound.
10:16 of 2nd period - Nick Suzuki wins face-off versus Stefan Noesen in NORTH DAKOTA HAWKS zone.
10:27 of 2nd period - Shot by Jake DeBrusk.
10:27 of 2nd period - Shot Blocked by Kevin Labanc.
10:29 of 2nd period - Shot by Ryan Lindgren.
10:29 of 2nd period - Stopped by James Reimer without a rebound.
10:30 of 2nd period - Nazem Kadri wins face-off versus Jack Hughes in OKANAGAN RATTLESNAKES zone.
10:37 of 2nd period - Shot by Nazem Kadri.
10:37 of 2nd period - Shot Misses the Net.
10:42 of 2nd period - Minor Penalty to Josh Manson for Interference.
10:43 of 2nd period - Nick Suzuki wins face-off versus Oskar Sundqvist in OKANAGAN RATTLESNAKES zone.
10:44 of 2nd period - Shot by Reyley Smith.
10:44 of 2nd period - Shot Misses the Net.
11:08 of 2nd period - Shot by Jake DeBrusk.
11:08 of 2nd period - Stopped by James Reimer without a rebound.
11:09 of 2nd period - Jack Hughes wins face-off versus Oskar Sundqvist in OKANAGAN RATTLESNAKES zone.
11:10 of 2nd period - Shot by Jason Robertson.
11:10 of 2nd period - Stopped by James Reimer without a rebound.
11:11 of 2nd period - Jack Hughes wins face-off versus T.J. Oshie in OKANAGAN RATTLESNAKES zone.
12:18 of 2nd period - Shot by Jake DeBrusk.
12:18 of 2nd period - Shot Misses the Net.
12:20 of 2nd period - Shot by Reyley Smith.
12:20 of 2nd period - Shot Misses the Net.
12:22 of 2nd period - Shot by Nick Suzuki.
12:22 of 2nd period - Stopped by James Reimer without a rebound.
12:23 of 2nd period - Nick Suzuki wins face-off versus Mike Hoffman in OKANAGAN RATTLESNAKES zone.
12:26 of 2nd period - Shot by Nick Suzuki.
12:26 of 2nd period - Stopped by James Reimer with a rebound.
12:28 of 2nd period - Shot by Ryan Lindgren.
12:28 of 2nd period - Shot Misses the Net.
12:36 of 2nd period - Shot by Reyley Smith.
12:36 of 2nd period - Stopped by James Reimer without a rebound.
12:37 of 2nd period - Nazem Kadri wins face-off versus Jack Hughes in OKANAGAN RATTLESNAKES zone.
12:51 of 2nd period - Icing by Jeremy Lauzon.
12:52 of 2nd period - Stefan Noesen wins face-off versus Nick Suzuki in OKANAGAN RATTLESNAKES zone.
13:10 of 2nd period - Jake DeBrusk is hit by Austin Osmanski and loses puck.
13:33 of 2nd period - Off-side.
13:34 of 2nd period - Anders Lee wins face-off versus Jack Hughes in neutral zone.
13:47 of 2nd period - Shot by Jack Hughes.
13:47 of 2nd period - Stopped by James Reimer without a rebound.
13:48 of 2nd period - Casey Cizikas wins face-off versus Frederick Gaudreau in OKANAGAN RATTLESNAKES zone.
13:48 of 2nd period - Casey Cizikas is hit by Dillon Dube.
13:54 of 2nd period - Shot by Dillon Dube.
13:54 of 2nd period - Shot Misses the Net.
14:08 of 2nd period - Shot by T.J. Oshie.
14:08 of 2nd period - Shot Misses the Net.
14:33 of 2nd period - Icing by Casey Cizikas.
14:34 of 2nd period - Casey Cizikas wins face-off versus Jack Hughes in OKANAGAN RATTLESNAKES zone.
15:14 of 2nd period - Mathew Dumba is hit by T.J. Oshie and loses puck.
15:40 of 2nd period - Shot by Lars Eller.
15:40 of 2nd period - Stopped by Scott Wedgewood without a rebound.
15:41 of 2nd period - Nick Suzuki wins face-off versus Blake Coleman in NORTH DAKOTA HAWKS zone.
15:41 of 2nd period - Nick Suzuki is hit by Blake Coleman.
15:48 of 2nd period - Icing by Jeremy Lauzon.
15:49 of 2nd period - Nick Suzuki wins face-off versus Blake Coleman in OKANAGAN RATTLESNAKES zone.
16:10 of 2nd period - Erik Johnson is hit by Pierre-Edouard Bellemare and loses puck.
17:05 of 2nd period - Shot by Emil Bemstrom.
17:05 of 2nd period - Stopped by James Reimer without a rebound.
17:06 of 2nd period - Jack Hughes wins face-off versus Stefan Noesen in OKANAGAN RATTLESNAKES zone.
17:47 of 2nd period - Shot by Jack Hughes.
17:47 of 2nd period - Shot Misses the Net.
17:49 of 2nd period - Shot by Jason Robertson.
17:49 of 2nd period - Deflect By Jack Hughes.
17:49 of 2nd period - Stopped by James Reimer with a rebound.
18:24 of 2nd period - Minor Penalty to Lars Eller for High sticking.
18:25 of 2nd period - Nick Suzuki wins face-off versus Oskar Sundqvist in OKANAGAN RATTLESNAKES zone.
18:48 of 2nd period - Shot by Reyley Smith.
18:48 of 2nd period - Stopped by James Reimer without a rebound.
18:49 of 2nd period - Mike Hoffman wins face-off versus Jack Hughes in OKANAGAN RATTLESNAKES zone.
19:18 of 2nd period - Shot by Nazem Kadri.
19:18 of 2nd period - Stopped by Scott Wedgewood without a rebound.
19:19 of 2nd period - Oskar Sundqvist wins face-off versus Nick Suzuki in NORTH DAKOTA HAWKS zone.
19:30 of 2nd period - Josh Manson is hit by Jake DeBrusk and loses puck.
19:39 of 2nd period - Shot by Jake DeBrusk.
19:39 of 2nd period - Shot Misses the Net.
19:54 of 2nd period - Jake DeBrusk is hit by Jeremy Lauzon and loses puck.
Goals for this period are 0 for OKANAGAN RATTLESNAKES vs 0 for NORTH DAKOTA HAWKS.
Shots for this period are 7 for OKANAGAN RATTLESNAKES vs 14 for NORTH DAKOTA HAWKS.

3rd period


0:01 of 3rd period - Oskar Sundqvist wins face-off versus Nick Suzuki in neutral zone.
0:37 of 3rd period - Icing by Erik Johnson.
0:38 of 3rd period - Jack Hughes wins face-off versus Stefan Noesen in NORTH DAKOTA HAWKS zone.
1:05 of 3rd period - Shot by Jason Robertson.
1:05 of 3rd period - Stopped by James Reimer without a rebound.
1:06 of 3rd period - Anders Lee wins face-off versus Nick Suzuki in OKANAGAN RATTLESNAKES zone.
1:12 of 3rd period - Jake DeBrusk is hit by Josh Manson and loses puck.
1:29 of 3rd period - Shot by Anders Lee.
1:29 of 3rd period - Stopped by Scott Wedgewood without a rebound.
1:30 of 3rd period - Frederick Gaudreau wins face-off versus Casey Cizikas in NORTH DAKOTA HAWKS zone.
1:52 of 3rd period - Shot by Mike Hoffman.
1:52 of 3rd period - Shot Misses the Net.
1:54 of 3rd period - Shot by Casey Cizikas.
1:54 of 3rd period - Goal by Casey Cizikas - OKANAGAN RATTLESNAKES : 1 - NORTH DAKOTA HAWKS : 2.
1:55 of 3rd period - Anders Lee wins face-off versus Nick Suzuki in neutral zone.
2:19 of 3rd period - Off-side.
2:20 of 3rd period - Alex Belzile wins face-off versus Casey Cizikas in neutral zone.
2:20 of 3rd period - Alex Belzile is hit by Casey Cizikas.
2:42 of 3rd period - Nathan Walker is hit by Arber Xhekaj and loses puck.
2:43 of 3rd period - Minor Penalty to Arber Xhekaj for High sticking.
2:44 of 3rd period - Nick Suzuki wins face-off versus Oskar Sundqvist in OKANAGAN RATTLESNAKES zone.
2:45 of 3rd period - Shot by Dillon Dube.
2:45 of 3rd period - Shot Misses the Net.
3:01 of 3rd period - Shot by Reyley Smith.
3:01 of 3rd period - Stopped by James Reimer without a rebound.
3:02 of 3rd period - Jack Hughes wins face-off versus Mike Hoffman in OKANAGAN RATTLESNAKES zone.
3:25 of 3rd period - Shot by Jason Robertson.
3:25 of 3rd period - Stopped by James Reimer without a rebound.
3:26 of 3rd period - T.J. Oshie wins face-off versus Nick Suzuki in OKANAGAN RATTLESNAKES zone.
4:07 of 3rd period - Shot by Nick Suzuki.
4:07 of 3rd period - Shot Blocked by Oskar Sundqvist.
4:09 of 3rd period - Shot by Dillon Dube.
4:09 of 3rd period - Shot Blocked by Jeremy Lauzon.
4:22 of 3rd period - Icing by Jason Robertson.
4:23 of 3rd period - Jordan Kyrou wins face-off versus Mike Hoffman in NORTH DAKOTA HAWKS zone.
4:36 of 3rd period - Shot by Jack Hughes.
4:36 of 3rd period - Shot Misses the Net.
4:38 of 3rd period - Shot by Jason Robertson.
4:38 of 3rd period - Shot Blocked by Nazem Kadri.
4:40 of 3rd period - Shot by Jack Hughes.
4:40 of 3rd period - Deflect By Jason Robertson.
4:40 of 3rd period - Stopped by James Reimer without a rebound.
4:41 of 3rd period - Jack Hughes wins face-off versus Mike Hoffman in OKANAGAN RATTLESNAKES zone.
5:00 of 3rd period - Garnet Hathaway is hit by Arber Xhekaj and loses puck.
5:05 of 3rd period - Shot by Alex Belzile.
5:05 of 3rd period - Stopped by James Reimer without a rebound.
5:06 of 3rd period - Anders Lee wins face-off versus Nick Suzuki in OKANAGAN RATTLESNAKES zone.
5:27 of 3rd period - Shot by Anders Lee.
5:27 of 3rd period - Stopped by Scott Wedgewood without a rebound.
5:28 of 3rd period - Jack Hughes wins face-off versus Casey Cizikas in NORTH DAKOTA HAWKS zone.
5:42 of 3rd period - Minor Penalty to Mathew Dumba for Tripping.
5:43 of 3rd period - Garnet Hathaway wins face-off versus Anders Lee in NORTH DAKOTA HAWKS zone.
5:56 of 3rd period - Icing by Anders Lee.
5:57 of 3rd period - Frederick Gaudreau wins face-off versus Anders Lee in OKANAGAN RATTLESNAKES zone.
7:18 of 3rd period - Shot by Lars Eller.
7:18 of 3rd period - Deflect By Mike Hoffman.
7:18 of 3rd period - Goal by Mike Hoffman - OKANAGAN RATTLESNAKES : 2 - NORTH DAKOTA HAWKS : 2.
7:19 of 3rd period - Nick Suzuki wins face-off versus Blake Coleman in neutral zone.
7:26 of 3rd period - Shot by Reyley Smith.
7:26 of 3rd period - Shot Blocked by Arber Xhekaj.
7:28 of 3rd period - Shot by Reyley Smith.
7:28 of 3rd period - Stopped by James Reimer without a rebound.
7:29 of 3rd period - Jack Hughes wins face-off versus Stefan Noesen in OKANAGAN RATTLESNAKES zone.
7:40 of 3rd period - Minor Penalty to Austin Osmanski for Holding.
7:41 of 3rd period - Nick Suzuki wins face-off versus Oskar Sundqvist in OKANAGAN RATTLESNAKES zone.
8:14 of 3rd period - Shot by Reyley Smith.
8:14 of 3rd period - Stopped by James Reimer without a rebound.
8:15 of 3rd period - Mike Hoffman wins face-off versus Jack Hughes in OKANAGAN RATTLESNAKES zone.
8:31 of 3rd period - Jason Robertson is hit by Josh Manson and loses puck.
10:06 of 3rd period - Kevin Labanc is hit by Garnet Hathaway and loses puck.
10:36 of 3rd period - Shot by Anders Lee.
10:36 of 3rd period - Stopped by Scott Wedgewood without a rebound.
10:37 of 3rd period - Nick Suzuki wins face-off versus Blake Coleman in NORTH DAKOTA HAWKS zone.
10:39 of 3rd period - Icing by Reyley Smith.
10:40 of 3rd period - Nick Suzuki wins face-off versus T.J. Oshie in NORTH DAKOTA HAWKS zone.
12:08 of 3rd period - Shot by Jason Robertson.
12:08 of 3rd period - Stopped by James Reimer without a rebound.
12:09 of 3rd period - Anders Lee wins face-off versus Frederick Gaudreau in OKANAGAN RATTLESNAKES zone.
12:18 of 3rd period - Shot by Nazem Kadri.
12:18 of 3rd period - Shot Misses the Net.
12:40 of 3rd period - Shot by Anders Lee.
12:40 of 3rd period - Stopped by Scott Wedgewood without a rebound.
12:41 of 3rd period - Jack Hughes wins face-off versus Blake Coleman in NORTH DAKOTA HAWKS zone.
12:41 of 3rd period - Jack Hughes is hit by Jeremy Lauzon.
12:51 of 3rd period - Shot by Jason Robertson.
12:51 of 3rd period - Goal by Jason Robertson - OKANAGAN RATTLESNAKES : 2 - NORTH DAKOTA HAWKS : 3.
12:52 of 3rd period - Nick Suzuki wins face-off versus Stefan Noesen in neutral zone.
13:04 of 3rd period - Jake DeBrusk is hit by Austin Osmanski.
13:22 of 3rd period - Icing by Ryan Lindgren.
13:23 of 3rd period - Nick Suzuki wins face-off versus Anders Lee in NORTH DAKOTA HAWKS zone.
13:23 of 3rd period - Nick Suzuki is hit by Arber Xhekaj.
13:36 of 3rd period - Shot by Nick Suzuki.
13:36 of 3rd period - Shot Misses the Net.
14:34 of 3rd period - Shot by Jack Hughes.
14:34 of 3rd period - Shot Misses the Net.
14:36 of 3rd period - Shot by Ben Hutton.
14:36 of 3rd period - Stopped by James Reimer without a rebound.
14:37 of 3rd period - Frederick Gaudreau wins face-off versus Blake Coleman in OKANAGAN RATTLESNAKES zone.
14:37 of 3rd period - Dillon Dube is hit by Josh Manson and loses puck.
14:42 of 3rd period - Shot by Frederick Gaudreau.
14:42 of 3rd period - Stopped by James Reimer with a rebound.
14:44 of 3rd period - Shot by Connor Clifton.
14:44 of 3rd period - Stopped by James Reimer without a rebound.
14:45 of 3rd period - Frederick Gaudreau wins face-off versus Casey Cizikas in OKANAGAN RATTLESNAKES zone.
14:52 of 3rd period - Shot by Frederick Gaudreau.
14:52 of 3rd period - Goal by Frederick Gaudreau - OKANAGAN RATTLESNAKES : 2 - NORTH DAKOTA HAWKS : 4.
14:53 of 3rd period - Nick Suzuki wins face-off versus Blake Coleman in neutral zone.
15:38 of 3rd period - Shot by Jake DeBrusk.
15:38 of 3rd period - Stopped by James Reimer without a rebound.
15:39 of 3rd period - Casey Cizikas wins face-off versus Jack Hughes in OKANAGAN RATTLESNAKES zone.
15:48 of 3rd period - Shot by T.J. Oshie.
15:48 of 3rd period - Stopped by Scott Wedgewood without a rebound.
15:49 of 3rd period - Anders Lee wins face-off versus Jack Hughes in NORTH DAKOTA HAWKS zone.
15:52 of 3rd period - Shot by Lars Eller.
15:52 of 3rd period - Shot Blocked by Joel Hanley.
16:20 of 3rd period - Shot by Jack Hughes.
16:20 of 3rd period - Shot Blocked by Anders Lee.
16:22 of 3rd period - Shot by Jason Robertson.
16:22 of 3rd period - Shot Misses the Net.
16:24 of 3rd period - Shot by Jason Robertson.
16:24 of 3rd period - Shot Misses the Net.
16:45 of 3rd period - Dillon Dube is hit by Austin Osmanski.
18:03 of 3rd period - Icing by Arber Xhekaj.
18:04 of 3rd period - Blake Coleman wins face-off versus Jordan Kyrou in OKANAGAN RATTLESNAKES zone.
18:04 of 3rd period - Blake Coleman is hit by Connor Clifton.
18:52 of 3rd period - Icing by Connor Clifton.
18:53 of 3rd period - Stefan Noesen wins face-off versus Jack Hughes in NORTH DAKOTA HAWKS zone.
19:24 of 3rd period - Shot by Kevin Labanc.
19:24 of 3rd period - Shot Misses the Net.
19:47 of 3rd period - Minor Penalty to Jeremy Lauzon for Tripping.
19:48 of 3rd period - Jake DeBrusk wins face-off versus Oskar Sundqvist in OKANAGAN RATTLESNAKES zone.
19:59 of 3rd period - Icing by Jake DeBrusk.
Goals for this period are 2 for OKANAGAN RATTLESNAKES vs 2 for NORTH DAKOTA HAWKS.
Shots for this period are 7 for OKANAGAN RATTLESNAKES vs 14 for NORTH DAKOTA HAWKS.


BLAKE
WHEELER
STEVEN
STAMKOS
DREW
DOUGHTY

EAST COAST

HOCKEY LEAGUE

  • 63.RHI2PIT5
  • 64.WOR4ATL3
  • 65.QUECHW
  • 66.CHATRV